 Dungeon Crawl Stone Soup version 0.31-a0-876-gfe8ebadbca (console) character file.

Game seed: 13106693921842021440

97914 jejorda2 the Cleaver (level 16, -34/189 (193) HPs)
             Began as a Gnoll Berserker on Oct 13, 2023.
             Was a Priest of Trog.
             Annihilated by an ettin
             ... wielding a +0 dire flail
              (37 damage)
             ... on level 15 of the Dungeon.
             The game lasted 01:13:33 (28835 turns).

jejorda2 the Cleaver (Gnoll Berserker)             Turns: 28835, Time: 01:13:33

HP:   -34/189 (193) AC: 20    Str: 23    XL:     16   Next: 20%
MP:   30/30         EV: 15    Int:  8    God:    Trog [***...]
Gold: 2135          SH:  0    Dex: 12    Spells: 36/36 levels left

rFire   . . .        a - +1 battleaxe (freeze)
rCold   . . .        (shield currently unavailable)
rNeg    . . .        p - +0 swamp dragon scales
rPois   +            q - +2 helmet
rElec   .            L - +0 cloak
rCorr   .            r - +0 pair of gloves
SInv    .            E - +2 pair of boots {rampage}
Will    +....        N - amulet of the acrobat Stlth
                     (no ring)
HPRegen 0.51/turn    (no ring)
MPRegen 0.22/turn

%: acrobat, rampage
@: berserking (expiring), lightly drained, very quick
A: fangs 1, strong nose, distributed training
a: Renounce Religion, Berserk, Trog's Hand


You were on level 15 of the Dungeon.
You worshipped Trog.
Trog was most pleased with you.
You visited 2 branches of the dungeon, and saw 20 of its levels.
You also visited: Bailey, Gauntlet and Ice Cave.

You collected 2231 gold pieces.
You spent 96 gold pieces at shops.

Inventory:

Hand Weapons
 a - a +1 battleaxe of freezing (weapon)
 b - a +4 dire flail
 U - the +10 spear of Meatreyx {protect, Fly Dex+4 Stlth+}
   (You found it on level 2 of the Lair of Beasts)

   Dex+4:     It affects your dexterity (+4).
   Fly:       It grants you flight.
   Stlth+:    It makes you more stealthy.
Missiles
 e - 3 darts of dispersal
 h - 26 boomerangs
 j - 6 silver javelins
 s - 13 javelins
 x - 8 curare-tipped darts
 F - 2 throwing nets
 G - 42 poisoned darts (quivered)
 M - 8 atropa-tipped darts
Armour
 p - +0 swamp dragon scales (worn)
 q - a +2 helmet (worn)
 r - a +0 pair of gloves (worn)
 E - a +2 pair of boots of rampaging (worn)
 L - a +0 cloak (worn)
 R - the +0 plate armour of Benevolence {*Slow rF+++ rN+ Stlth+}
   (You found it on level 1 of the Lair of Beasts)

   rF+++:     It renders you almost immune to fire.
   rN+:       It protects you from negative energy.
   *Slow:     It may slow you when you take damage.
   Stlth+:    It makes you more stealthy.
Jewellery
 N - an amulet of the acrobat (around neck)
Wands
 m - a wand of paralysis (14)
 n - a wand of acid (18)
 o - a wand of roots (26)
 w - a wand of flame (29)
 y - a wand of mindburst (28)
 H - a wand of polymorph (17)
Scrolls
 f - 2 scrolls of fear
 g - a scroll of revelation
 v - 3 scrolls of immolation
 C - 9 scrolls of teleportation
 D - a scroll of summoning
 K - a scroll of blinking
 P - 5 scrolls of fog
Potions
 c - a potion of ambrosia
 d - 4 potions of might
 i - 3 potions of mutation
 k - 8 potions of heal wounds
 l - 6 potions of curing
 t - 3 potions of invisibility
 u - 2 potions of cancellation
 A - 3 potions of attraction
 B - 6 potions of haste
 J - 2 potions of enlightenment
Miscellaneous
 S - a phial of floods


   Skills:
 + Level 12.6 Fighting
 + Level 10.9 Short Blades
 + Level 10.9 Long Blades
 + Level 12.6 Axes
 + Level 10.9 Maces & Flails
 + Level 10.9 Polearms
 + Level 10.9 Staves
 + Level 10.9 Ranged Weapons
 + Level 10.9 Throwing
 + Level 11.8 Armour
 + Level 11.8 Dodging
 + Level 10.9 Stealth
 + Level 10.9 Shields
 + Level 10.9 Unarmed Combat
 + Level 10.9 Spellcasting
 + Level 9.2 Conjurations
 + Level 9.2 Hexes
 + Level 9.2 Summonings
 + Level 9.2 Necromancy
 + Level 9.2 Translocations
 + Level 9.2 Transmutations
 + Level 9.2 Fire Magic
 + Level 9.2 Ice Magic
 + Level 9.2 Air Magic
 + Level 9.2 Earth Magic
 + Level 9.2 Poison Magic
 + Level 11.8 Invocations
 + Level 10.9 Evocations
 + Level 10.0 Shapeshifting


You had 36 spell levels left.
You didn't know any spells.
Your spell library was empty.

Dungeon Overview and Level Annotations

Branches:
Dungeon (15/15)            Temple (0/1) D:7            Lair (5/5) D:9
 Shoals (0/4) Lair:3        Snake (0/4) Lair:3        Slime (0/5) Lair:5
    Orc (0/2) D:11         Vaults (0/5) D:14         Bailey (visited)
  IceCv (visited)         Gauntlet (visited)
 Depths: D:15

Altars:
Okawaru
Qazlal
Ru
Vehumet
Zin
The Shining One
Jiyva

Shops:
D:3 ((

Annotations:
D:4 2 transporters, freelancePsychic's ghost, novice GrBr
D:10 3 runed translucent doors, logorrheac's ghost, novice TrBe


Innate Abilities, Weirdness & Mutations

You have very sharp teeth.
Your uncanny sense of smell can sniff out nearby items.
Your experience applies equally to all skills.


Message History

The skeletal warrior is moderately damaged.
You hit the ettin but do no damage. You miss the necromancer.
The ettin hits you with a +0 dire flail!!
The ettin closely misses you.
The necromancer mumbles some strange words.
The necromancer binds the souls of nearby monsters.
You barely miss the ettin. You bite the ettin, but do no damage.
The ettin is lightly wounded.
You barely miss the skeletal warrior. You slash the necromancer!
You freeze the necromancer.
The skeletal warrior hits you with a +0 glaive.
Unknown command.
You slice the ettin!! You freeze the ettin.
The ettin is heavily wounded.
You closely miss the skeletal warrior. You slash the necromancer!
You freeze the necromancer. The ettin completely misses you.
The ettin closely misses you.
The necromancer mumbles some strange words.
The necromancer binds the souls of nearby monsters.
The skeletal warrior hits you with a +0 glaive.
You slash the ettin! You freeze the ettin.
The ettin is severely wounded.
You hit the necromancer. You freeze the necromancer.
You slash the skeletal warrior! You freeze the skeletal warrior.
The ettin hits you with a +0 dire flail!!!
* * * LOW HITPOINT WARNING * * *
The ettin hits you with a +0 great mace!
* * * LOW HITPOINT WARNING * * *
The necromancer gestures at you while chanting.
You resist with significant effort.
The skeletal warrior hits you with a +0 glaive!
* * * LOW HITPOINT WARNING * * *
You hear a shout! x2; You hear a faint skittering sound.
Unknown command.
You hit the ettin but do no damage. You bite the ettin.
The ettin is severely wounded.
You slash the skeletal warrior! You freeze the skeletal warrior.
You barely miss the necromancer. The ettin barely misses you.
The ettin hits you with a +0 great mace!!!
You die...

#......... . .# #........#
.. #.. #........# ..
.....#........# ... ..#
.........# ####.####......#
...)#..⌠#..<...+
#...C.#......# #..@#......+
#..#p#z#.#...#
..#.....#............
#.#####.#....z.......
#.......#...........z
#.............(......
#$...................
#######....................
...........................


You could see an ettin (soul bound), a skeletal warrior and a necromancer.

Vanquished Creatures
  Gastronok (Lair:1)
  A frost giant (IceCv)
  A minotaur (Gauntlet)
  A green death (Gauntlet)
  Fannar (Lair:2)
  A fire dragon (Lair:5)
  9 hydras
  Harold (D:10)
  A ghost crab (Gauntlet)
  Erica (D:8)
  2 centaur warriors
  2 boulder beetles
  4 two-headed ogres
  17 death yaks
  Sonja (D:10)
  Nergalle (Lair:2)
  A skyshark (Lair:4)
  A deep troll (D:14)
  A wizard (Gauntlet)
  2 orc knights
  A lindwurm (Lair:5)
  Pikel (D:4)
  A necromancer (Gauntlet)
  A deep elf pyromancer (D:14)
  An orc sorcerer (D:15)
  A moth of wrath (shapeshifter) (D:11)
  A faun (shapeshifter) (D:14)
  26 elephants
  A cyclops (D:13)
  14 ugly things
  2 merfolk sirens (Lair:3)
  A manticore (D:13)
  An ice statue (IceCv)
  7 black mambas
  7 cane toads
  A gargoyle (D:10)
  2 molten gargoyles (Lair:5)
  A minotaur zombie (Gauntlet)
  12 rime drakes
  An efreet (D:14)
  Maggie (D:8)
  2 unseen horrors
  6 meliai
  13 komodo dragons
  3 polar bears (IceCv)
  2 meliai (shapeshifter) (D:14)
  A troll (D:10)
  A merfolk (Lair:3)
  2 hornets (D:9)
  Grinder (D:3)
  28 blink frogs
  3 slime creatures (D:12)
  2 wraiths
  3 shadows
  9 wyverns
  A vampire (D:12)
  6 basilisks
  Grum (D:8)
  A golden eye (shapeshifter) (D:14)
  59 yaks
  4 steam dragons
  4 vampire mosquitoes (D:13)
  Menkaure (D:7)
  3 nagas (Lair:3)
  3 acid dragons
  10 water moccasins
  4 hell hounds (Lair:5)
  3 ice beasts
  10 orc warriors
  A sky beast (D:8)
  2 black bears
  23 wolves
  A phantom (D:5)
  4 centaurs
  2 lemures (D:4)
  7 kobold brigands
  9 bullfrogs
  4 scorpions
  A gnoll sergeant (D:10)
  A cane toad simulacrum (Lair:4)
  20 wights
  16 killer bees
  5 howler monkeys
  5 lava snakes (Lair:5)
  A jelly (D:5)
  5 orc priests
  4 gnoll boudas
  A sleepcap (D:6)
  Jessica (D:3)
  9 hell rats (Lair:5)
  Ijyb (D:5)
  8 iguanas
  5 orc wizards
  A statue (D:11)
  2 polar bear simulacra (Lair:4)
  A wolf simulacrum (Lair:4)
  Robin (D:3)
  15 adders
  25 gnolls
  A white imp (Gauntlet)
  2 worms (D:2)
  6 dart slugs
  65 orcs
  10 endoplasms
  5 giant cockroaches
  21 goblins
  9 hobgoblins
  2 jackals (D:2)
  3 quokkas
  10 ball pythons
  3 bats (D:1)
  2 frilled lizards
  37 kobolds
  5 rats
  A butterfly (Lair:1)
683 creatures vanquished.

Vanquished Creatures (collateral kills)
  A hydra (Lair:3)
  2 death yaks
  An ugly thing (D:14)
  An elephant (Lair:4)
  A cane toad (Lair:3)
  A merfolk (Lair:3)
  A polar bear (IceCv)
  A yak (IceCv)
  A water moccasin (Lair:4)
  A wolf (IceCv)
11 creatures vanquished.

Vanquished Creatures (others)
  Maurice (D:10)
  A kobold brigand (D:10)
  3 kobolds (D:10)
5 creatures vanquished.

Grand Total: 699 creatures vanquished

Notes
Turn   | Place    | Note
-------+----------+-------------------------------------------
     0 | D:1      | jejorda2 the Gnoll Berserker began the quest for the Orb.
     0 | D:1      | Reached XP level 1. HP: 23/23 MP: 1/1
   126 | D:1      | Reached XP level 2. HP: 25/29 MP: 2/2
   625 | D:1      | Reached XP level 3. HP: 30/35 MP: 3/3
  1037 | D:1      | Reached skill level 1 in Invocations
  1144 | D:2      | Reached ** piety under Trog
  1155 | D:2      | Identified the +3 sling of Viarru {drain, *Slow rCorr
                  | Str+3}
  1166 | D:2      | Reached skill level 1 in Short Blades
  1166 | D:2      | Reached skill level 1 in Long Blades
  1166 | D:2      | Reached skill level 1 in Maces & Flails
  1166 | D:2      | Reached skill level 1 in Polearms
  1166 | D:2      | Reached skill level 1 in Staves
  1166 | D:2      | Reached skill level 1 in Ranged Weapons
  1166 | D:2      | Reached skill level 1 in Throwing
  1166 | D:2      | Reached skill level 1 in Stealth
  1166 | D:2      | Reached skill level 1 in Shields
  1166 | D:2      | Reached skill level 1 in Unarmed Combat
  1166 | D:2      | Reached skill level 1 in Spellcasting
  1166 | D:2      | Reached skill level 1 in Evocations
  1358 | D:2      | Reached skill level 1 in Shapeshifting
  1358 | D:2      | Reached XP level 4. HP: 41/41 MP: 5/5
  1620 | D:2      | Reached skill level 1 in Conjurations
  1620 | D:2      | Reached skill level 1 in Hexes
  1620 | D:2      | Reached skill level 1 in Summonings
  1620 | D:2      | Reached skill level 1 in Necromancy
  1620 | D:2      | Reached skill level 1 in Translocations
  1620 | D:2      | Reached skill level 1 in Transmutations
  1620 | D:2      | Reached skill level 1 in Fire Magic
  1620 | D:2      | Reached skill level 1 in Ice Magic
  1620 | D:2      | Reached skill level 1 in Air Magic
  1620 | D:2      | Reached skill level 1 in Earth Magic
  1620 | D:2      | Reached skill level 1 in Poison Magic
  1803 | D:2      | Reached XP level 5. HP: 45/47 MP: 6/6
  2072 | D:3      | Noticed Jessica
  2077 | D:3      | Killed Jessica
  2186 | D:3      | Noticed Robin
  2205 | D:3      | Killed Robin
  2278 | D:3      | Noticed Grinder
  2302 | D:3      | Killed Grinder
  2303 | D:3      | Reached skill level 5 in Armour
  2303 | D:3      | Reached skill level 5 in Dodging
  2303 | D:3      | Reached XP level 6. HP: 53/53 MP: 7/9
  2741 | D:3      | Found Gyuhog's Antique Weapon Emporium.
  2881 | D:3      | Found Maonuppe's Antique Weapon Emporium.
  2932 | D:3      | Bought a broad axe for 96 gold pieces
  3188 | D:4      | Reached XP level 7. HP: 57/60 MP: 10/10
  3363 | D:4      | Found a transporter.
  3369 | D:4      | Noticed freelancePsychic's ghost (novice GrBr)
  3395 | D:4      | Found a transporter.
  3570 | D:4      | Reached *** piety under Trog
  3630 | D:4      | Noticed Pikel
  3641 | D:4      | Killed Pikel
  3642 | D:4      | Reached XP level 8. HP: 56/67 MP: 10/12
  4352 | D:5      | Entered Level 5 of the Dungeon
  4352 | D:5      | Noticed Ijyb
  4368 | D:5      | Killed Ijyb
  4672 | D:5      | You fall into a shaft and drop 1 floor!
  4988 | D:6      | Reached XP level 9. HP: 73/73 MP: 14/14
  5436 | D:5      | Reached **** piety under Trog
  6153 | D:6      | Reached skill level 5 in Invocations
  7102 | D:7      | Reached XP level 10. HP: 80/80 MP: 17/17
  7187 | D:7      | Found a staircase to the Ecumenical Temple.
  7243 | D:7      | Reached skill level 5 in Short Blades
  7243 | D:7      | Reached skill level 5 in Long Blades
  7243 | D:7      | Reached skill level 5 in Maces & Flails
  7243 | D:7      | Reached skill level 5 in Polearms
  7243 | D:7      | Reached skill level 5 in Staves
  7243 | D:7      | Reached skill level 5 in Ranged Weapons
  7243 | D:7      | Reached skill level 5 in Throwing
  7243 | D:7      | Reached skill level 5 in Stealth
  7243 | D:7      | Reached skill level 5 in Shields
  7243 | D:7      | Reached skill level 5 in Unarmed Combat
  7243 | D:7      | Reached skill level 5 in Spellcasting
  7243 | D:7      | Reached skill level 5 in Evocations
  7525 | D:7      | Noticed Menkaure
  7535 | D:7      | Killed Menkaure
  7591 | D:7      | Found a glowing golden altar of the Shining One.
  7711 | D:8      | Noticed Grum
  7923 | D:8      | Found a transporter.
  7925 | D:8      | Found a transporter.
  7925 | D:8      | Noticed a boulder beetle
  7949 | D:8      | Noticed Erica
  7958 | D:8      | Killed Erica
  7959 | D:8      | Reached skill level 5 in Shapeshifting
  8037 | D:8      | Killed Grum
  8143 | D:8      | Noticed Maggie
  8158 | D:8      | Killed Maggie
  8443 | D:8      | Found a glowing silver altar of Zin.
  8466 | D:8      | Found a sacrificial altar of Ru.
  8550 | D:8      | Killed a boulder beetle
  8551 | D:8      | Reached skill level 5 in Conjurations
  8551 | D:8      | Reached skill level 5 in Hexes
  8551 | D:8      | Reached skill level 5 in Summonings
  8551 | D:8      | Reached skill level 5 in Necromancy
  8551 | D:8      | Reached skill level 5 in Translocations
  8551 | D:8      | Reached skill level 5 in Transmutations
  8551 | D:8      | Reached skill level 5 in Fire Magic
  8551 | D:8      | Reached skill level 5 in Ice Magic
  8551 | D:8      | Reached skill level 5 in Air Magic
  8551 | D:8      | Reached skill level 5 in Earth Magic
  8551 | D:8      | Reached skill level 5 in Poison Magic
  8551 | D:8      | Reached XP level 11. HP: 89/89 MP: 17/20
  8663 | D:9      | Found a flagged portal.
  8693 | Bailey   | Entered a bailey
  8919 | Bailey   | Noticed an orc knight
  8920 | Bailey   | Found a burning altar of Makhleb.
  8939 | Bailey   | Killed an orc knight
  9757 | D:9      | Noticed a two-headed ogre
  9769 | D:9      | Killed a two-headed ogre
 10110 | D:9      | Found a staircase to the Lair.
 10231 | D:10     | Entered Level 10 of the Dungeon
 10531 | D:10     | Noticed Maurice
 10541 | D:10     | Noticed a two-headed ogre
 10541 | D:10     | Something stole 22 boomerangs
 10547 | D:10     | Killed a two-headed ogre
 10548 | D:10     | Reached XP level 12. HP: 96/96 MP: 20/22
 10556 | D:10     | Something stole 594 gold
 10557 | D:10     | Killed Maurice
 10731 | D:10     | Noticed Sonja
 10756 | D:10     | Killed Sonja
 10984 | D:10     | Noticed a two-headed ogre
 10999 | D:10     | Killed a two-headed ogre
 11006 | D:10     | Found a runed translucent gate.
 11006 | D:10     | Found a runed translucent gate.
 11006 | D:10     | Found a runed translucent gate.
 11006 | D:10     | Noticed logorrheac's ghost (novice TrBe)
 11008 | D:10     | Identified the +0 helmet of Sif Muna's Esteem {Int+4
                  | Stlth-}
 11036 | D:10     | Noticed Harold
 11053 | D:10     | Killed Harold
 11722 | D:11     | Noticed a boulder beetle
 11732 | D:11     | Killed a boulder beetle
 11733 | D:11     | Reached skill level 10 in Fighting
 11733 | D:11     | Reached skill level 10 in Axes
 11832 | D:11     | Reached ***** piety under Trog
 12048 | D:11     | Found a staircase to the Orcish Mines.
 12239 | D:11     | Found a radiant altar of Vehumet.
 12526 | Lair:1   | Entered Level 1 of the Lair of Beasts
 12826 | Lair:1   | Identified the +0 plate armour of Benevolence {*Slow rF+++
                  | rN+ Stlth+}
 13229 | Lair:1   | Noticed Gastronok
 13247 | Lair:1   | Killed Gastronok
 13836 | Lair:2   | Noticed Nergalle
 13858 | Lair:2   | Killed Nergalle
 13949 | Lair:2   | Noticed Fannar
 13983 | Lair:2   | Killed Fannar
 13984 | Lair:2   | Reached XP level 13. HP: 36/104 MP: 14/25
 14155 | Lair:2   | Identified the +10 spear of Meatreyx {protect, Fly Dex+4
                  | Stlth+}
 15996 | Lair:3   | You fall into a shaft and drop 2 floors!
 15996 | Lair:5   | Entered Level 5 of the Lair of Beasts
 16004 | Lair:5   | Received a gift from Trog
 16998 | Lair:4   | Found a frozen archway.
 17150 | IceCv    | Entered an ice cave
 17179 | IceCv    | Reached skill level 10 in Armour
 17179 | IceCv    | Reached skill level 10 in Dodging
 17821 | IceCv    | Reached XP level 14. HP: 89/113 MP: 13/27
 18100 | IceCv    | Noticed a frost giant
 18114 | IceCv    | Killed a frost giant
 18115 | IceCv    | Reached skill level 10 in Invocations
 19072 | Lair:3   | Found a staircase to the Snake Pit.
 19388 | Lair:3   | Found a staircase to the Shoals.
 21113 | Lair:4   | Reached XP level 15. HP: 120/120 MP: 26/28
 21751 | Lair:5   | Reached skill level 10 in Short Blades
 21751 | Lair:5   | Reached skill level 10 in Long Blades
 21751 | Lair:5   | Reached skill level 10 in Maces & Flails
 21751 | Lair:5   | Reached skill level 10 in Polearms
 21751 | Lair:5   | Reached skill level 10 in Staves
 21751 | Lair:5   | Reached skill level 10 in Ranged Weapons
 21751 | Lair:5   | Reached skill level 10 in Throwing
 21751 | Lair:5   | Reached skill level 10 in Stealth
 21751 | Lair:5   | Reached skill level 10 in Shields
 21751 | Lair:5   | Reached skill level 10 in Unarmed Combat
 21751 | Lair:5   | Reached skill level 10 in Spellcasting
 21751 | Lair:5   | Reached skill level 10 in Evocations
 22860 | Lair:5   | Found a large runed translucent door.
 22861 | Lair:5   | Found a large runed translucent door.
 23395 | Lair:5   | Found an iron altar of Okawaru.
 23505 | Lair:5   | Found a staircase to the Slime Pits.
 23505 | Lair:5   | Found a viscous altar of Jiyva.
 26136 | D:14     | Found a stormy altar of Qazlal.
 26157 | D:14     | Found a gate leading to a gauntlet.
 26178 | Gauntlet | Entered a Gauntlet
 26178 | Gauntlet | Found a transporter.
 26187 | Gauntlet | Found a transporter.
 26190 | Gauntlet | Found a transporter.
 26191 | Gauntlet | Found a transporter.
 26202 | Gauntlet | Found a transporter.
 26203 | Gauntlet | Found a transporter.
 26207 | Gauntlet | Found a transporter.
 26211 | Gauntlet | Found a transporter.
 26214 | Gauntlet | Found a transporter.
 26215 | Gauntlet | Found a transporter.
 26226 | Gauntlet | Found a transporter.
 26227 | Gauntlet | Found a transporter.
 26235 | Gauntlet | Found a transporter.
 26259 | Gauntlet | Found a transporter.
 27457 | D:14     | Found a gate to the Vaults.
 27909 | D:14     | Reached XP level 16. HP: 120/129 MP: 30/30
 28118 | D:14     | Reached skill level 10 in Shapeshifting
 28513 | D:15     | Entered Level 15 of the Dungeon
 28834 | D:15     | HP: 2/189 [skeletal warrior/+0 glaive (14)]
 28835 | D:15     | Annihilated by an ettin

Illustrated notes

Levels and vault maps discovered:
D:1:      wander_arrival_peaceful_grave, layout_loops_corners
D:2:      layout_loops_ring, minmay_tripent
D:3:      cheibrodos_helix_gallery, layout_basic, serial_corexii_hall,
          corexii_hall_statues_u, corexii_hall_statues_t, serial_shops,
          nicolae_shop_dealshenge, nicolae_shop_hallway_stairs, uniq_grinder,
          uniq_jessica, uniq_robin
D:4:      layout_cave_pools, gammafunk_ghost_mausoleum,
          hangedman_decor_slide_cut, minmay_misc_feat_tiny, grunt_ministairs_7,
          minmay_snake_closets, uniq_pikel
D:5:      layout_basic, st_stairs_3, chequers_avenue, minmay_misc_feat_room,
          uniq_ijyb
D:6:      minmay_spotlight, layout_basic
D:7:      layout_rooms, tso_metal_star, minmay_temple_entry_junction_2,
          uniq_menkaure
D:8:      gammafunk_boulding_lane, layout_rooms, mainiacjoe_overflow_alcove_4,
          lemuel_round_altar, dreamdust_mushroom_princess, uniq_erica,
          uniq_grum, uniq_maggie
D:9:      layout_roguey, david_lair_shrubbed, enter_bailey_3,
          nrook_pool_corridor
D:10:     layout_cave_pools, gammafunk_ghost_necromancy, minmay_starry_boxes,
          uniq_sonja, uniq_maurice, uniq_harold
D:11:     layout_roguey, hiddenorc2_lemuel, vehumet_statue
D:12:     layout_rooms
D:13:     layout_long_grid
D:14:     layout_cave_pools, david_vaults_2, gauntlet_entry_generic,
          chequers_serial_rivers_small_a, nicolae_qazlal_general_emergency
D:15:     hangedman_depths_entry_civil_slaughter, layout_irregular_city,
          serial_park_square3 [serial_park_minivault_5x5_8], serial_shops,
          nicolae_shop_real_fake_doors, uniq_agnes
Lair:1:   layout_small_grid, beast_lair_carwin_7, lemuel_fruit_fields,
          uniq_gastronok
Lair:2:   layout_layer_cave, uniq_nergalle, uniq_fannar
Lair:3:   layout_concentric_octagons, elwin_shoals_entry_stream,
          nicolae_snake_entry_squirm
Lair:4:   layout_hall_layers, portal_ice_cave_entry_ice_simulacra,
          patterned_corridor
Lair:5:   cheibrodos_lair_end_hotspot, layout_cave_pods, slime_entry_1,
          lemuel_altar_in_water2

Skill      XL: |  1  2  3  4  5  6  7  8  9 10 11 12 13 14 15 16 |
---------------+-------------------------------------------------+-----
Invocations    | 1 2 3 4 5 6 7 8 9 10 11 | 11.8
Short Blades   | 1 2 3 4 6 8 9 10 | 10.9
Long Blades    | 1 2 3 4 6 8 9 10 | 10.9
Maces & Flails | 1 2 3 4 6 8 9 10 | 10.9
Polearms       | 1 2 3 4 6 8 9 10 | 10.9
Staves         | 1 2 3 4 6 8 9 10 | 10.9
Ranged Weapons | 1 2 3 4 6 8 9 10 | 10.9
Throwing       | 1 2 3 4 6 8 9 10 | 10.9
Stealth        | 1 2 3 4 6 8 9 10 | 10.9
Shields        | 1 2 3 4 6 8 9 10 | 10.9
Unarmed Combat | 1 2 3 4 6 8 9 10 | 10.9
Spellcasting   | 1 2 3 4 6 8 9 10 | 10.9
Evocations     | 1 2 3 4 6 8 9 10 | 10.9
Shapeshifting  | 1 2 3 4 5 6 7 8 9 10 | 10.0
Conjurations   | 1 2 3 4 5 6 7 8 9 |  9.2
Hexes          | 1 2 3 4 5 6 7 8 9 |  9.2
Summonings     | 1 2 3 4 5 6 7 8 9 |  9.2
Necromancy     | 1 2 3 4 5 6 7 8 9 |  9.2
Translocations | 1 2 3 4 5 6 7 8 9 |  9.2
Transmutations | 1 2 3 4 5 6 7 8 9 |  9.2
Fire Magic     | 1 2 3 4 5 6 7 8 9 |  9.2
Ice Magic      | 1 2 3 4 5 6 7 8 9 |  9.2
Air Magic      | 1 2 3 4 5 6 7 8 9 |  9.2
Earth Magic    | 1 2 3 4 5 6 7 8 9 |  9.2
Poison Magic   | 1 2 3 4 5 6 7 8 9 |  9.2
Armour         | 5 6 7 8 9 10 11 | 11.8
Dodging        | 5 6 7 8 9 10 11 | 11.8
Fighting       | 7 8 9 10 11 12 | 12.6
Axes           | 7 8 9 10 11 12 | 12.6

Action                     |  1- 3 |  4- 6 |  7- 9 | 10-12 | 13-15 | 16-18 || total
---------------------------+-------+-------+-------+-------+-------+-------++-------
  Melee: Hand axe          |   138 |   127 |   153 |   372 |       |       ||   790
         Bite              |     8 |    17 |    32 |    86 |   186 |    14 ||   343
         Punch             |     4 |       |       |       |       |       ||     4
         Broad axe         |       |     6 |   199 |   151 |       |       ||   356
         Dire flail        |       |       |       |   146 |   360 |     8 ||   514
         Battleaxe         |       |       |       |    23 |   767 |    75 ||   865
         Spear             |       |       |       |       |     7 |       ||     7
  Throw: Boomerang         |       |     2 |     4 |       |       |       ||     6
         Dart              |       |       |       |   115 |   251 |    17 ||   383
         Javelin           |       |       |       |       |       |     1 ||     1
 Invoke: Berserk           |     2 |     2 |     6 |    18 |    34 |     2 ||    64
         Trog's Hand       |       |     1 |     1 |     9 |    12 |     2 ||    25
         Brothers in Arms  |       |       |       |       |     3 |     1 ||     4
  Evoke: Wand              |       |       |       |     3 |       |       ||     3
    Use: Scroll            |       |       |    18 |     8 |     9 |     1 ||    36
         Potion            |       |       |       |     3 |       |       ||     3
   Stab: Sleeping          |     2 |       |       |     2 |     8 |     1 ||    13
         Paralysed         |       |       |       |     6 |       |       ||     6
         Distracted        |       |       |       |     2 |     1 |       ||     3
 Armour: Animal skin       |    20 |       |       |       |       |       ||    20
         Leather armour    |    10 |       |       |       |       |       ||    10
         Scale mail        |    28 |    75 |    89 |       |       |       ||   192
         Chain mail        |       |       |   150 |   136 |       |       ||   286
         Swamp dragon scal |       |       |       |   418 |   871 |    78 ||  1367
         Plate armour      |       |       |       |       |   251 |       ||   251
  Dodge: Dodged            |    74 |    58 |   175 |   389 |   879 |    71 ||  1646
  Block: Buckler           |       |    21 |    68 |   124 |       |       ||   213

Table legend: (Time is in decaauts)
 A = Elapsed time spent in this place.
 B = Non-inter-level travel time spent in this place.
 C = Inter-level travel time spent in this place.
 D = Time resting spent in this place.
 E = Time spent auto-exploring this place.
 F = Levels seen in this place.
 G = Mean time per level.
                   A        B        C        D        E       F      G
               +--------+--------+--------+--------+--------+-----+--------+
         Total |  29331 |  27448 |   1883 |   6095 |  15867 |  23 | 1275.3 |
       Dungeon |  16144 |  14707 |   1437 |   2569 |   9077 |  15 | 1076.3 |
          Lair |  10020 |   9574 |    446 |   1855 |   5983 |   5 | 2004.0 |
        Bailey |    553 |    553 |      0 |    371 |     45 |   1 |  553.0 |
      Ice Cave |   1725 |   1725 |      0 |   1015 |    347 |   1 | 1725.0 |
      Gauntlet |    887 |    887 |      0 |    283 |    414 |   1 |  887.0 |
               +--------+--------+--------+--------+--------+-----+--------+

Top non-repeatable levels by time:
  Lair:5: 3119 daAuts
  Lair:2: 2256 daAuts
     D:6: 1857 daAuts
   IceCv: 1725 daAuts
  Lair:3: 1683 daAuts
  Lair:4: 1638 daAuts
    D:13: 1531 daAuts
     D:9: 1472 daAuts
     D:3: 1368 daAuts
  Lair:1: 1321 daAuts
    D:10: 1291 daAuts
    D:14: 1153 daAuts
     D:1: 1117 daAuts
     D:4: 1089 daAuts
     D:7: 1083 daAuts
